 Dungeon Crawl Stone Soup version 0.20.1-1-g8b1a95d (webtiles) character file.

35870 keltmir the Grappler (level 13, -7/113 HPs)
             Began as a Green Draconian Transmuter on Nov 3, 2017.
             Was a High Priest of Makhleb.
             Mangled by a red devil
             ... wielding a +0 trident
             ... summoned by an orc sorcerer
             ... led by an orc warlord
              (10 damage)
             ... on level 1 of the Orcish Mines.
             The game lasted 01:40:02 (23458 turns).

keltmir the Grappler (Green Draconian Transmuter)  Turns: 23458, Time: 01:40:02

Health: -7/113     AC:  9    Str: 13    XL:     13   Next: 49%
Magic:  22/22      EV: 18    Int: 18    God:    Makhleb [*****.]
Gold:   1492       SH:  0    Dex: 16    Spells: 12/25 levels left

rFire    . . .     SeeInvis +     - Unarmed
rCold    . . .     Gourm    .   (shield currently unavailable)
rNeg     . . .     Faith    .   (armour unavailable)
rPois    +         Spirit   .   (helmet restricted)
rElec    .         Reflect  .   J - +0 cloak
rCorr    .         Harm     .   (gloves currently unavailable)
MR       .....                  (no boots)
Stlth    ..........             v - amulet of magic regeneration
Regen    0.3/turn               r - ring of see invisible
MPRegen  0.3/turn               D - +4 ring of dexterity

@: short of breath, blade hands, silence, drained
A: breathe noxious fumes, unfitting armour, poison resistance, cold-blooded, AC
+8
a: Breathe Noxious Fumes, End Transformation, Renounce Religion


You were on level 1 of the Orcish Mines.
You worshipped Makhleb.
Makhleb was extremely pleased with you.
You were not hungry.
You had blades for hands.
You visited 4 branches of the dungeon, and saw 19 of its levels.

You collected 1492 gold pieces.

Inventory:

Missiles
 a - 167 arrows
 y - 38 poisoned needles
 E - 5 curare-tipped needles
Armour
 J - a +0 cloak (worn)
Jewellery
 d - an uncursed amulet of rage
 r - a ring of see invisible (left scythe-like blade)
 v - an amulet of magic regeneration (around neck)
 D - a +4 ring of dexterity (right scythe-like blade)
 M - an uncursed ring of ice
 X - an uncursed ring of ice
Wands
 w - a wand of disintegration (10/24)
 B - a wand of paralysis (12/24)
 C - a wand of random effects (37/48)
 F - a wand of lightning (8/15)
 I - a wand of polymorph (17/24)
 O - a wand of enslavement (7/24)
 Q - a wand of flame (32/48)
 R - a wand of random effects (33/48)
 T - a wand of polymorph (9/24)
 V - a wand of confusion (33/48)
Scrolls
 g - 4 scrolls of enchant weapon
 h - 2 scrolls of immolation
 j - 4 scrolls of recharging
 k - 5 scrolls of remove curse
 n - 5 scrolls of amnesia
 t - 3 scrolls of magic mapping
 W - a scroll of holy word {unknown}
Potions
 e - 3 potions of curing
 l - a potion of invisibility
 m - 3 potions of agility
 o - 3 potions of mutation
 s - 3 potions of berserk rage
 L - 4 potions of flight
 P - 3 potions of brilliance
 U - a potion of resistance {unknown}
Books
 b - a book of Changes

   Spells                             Type                      Level
   a - Beastly Appendage              Transmutation                1
   b - Sticks to Snakes               Transmutation                2
   c - Spider Form                    Transmutation/Poison         3
   d - Ice Form                       Ice/Transmutation            4
   e - Blade Hands                    Transmutation                5
 i - a book of Cantrips

   Spells                             Type                      Level
   a - Confusing Touch                Hexes                        1
   b - Animate Skeleton               Necromancy                   1
   c - Summon Small Mammal            Summoning                    1
   d - Apportation                    Translocation                1
 u - a book of Frost

   Spells                             Type                      Level
   a - Freeze                         Ice                          1
   b - Throw Frost                    Conjuration/Ice              2
   c - Ozocubu's Armour               Charms/Ice                   3
   d - Throw Icicle                   Conjuration/Ice              4
   e - Summon Ice Beast               Ice/Summoning                4
 x - a book of Battle

   Spells                             Type                      Level
   a - Infusion                       Charms                       1
   b - Shroud of Golubria             Charms/Translocation         2
   c - Song of Slaying                Charms                       2
   d - Spectral Weapon                Hexes/Charms                 3
   e - Regeneration                   Charms/Necromancy            3
 A - a book of Misfortune

   Spells                             Type                      Level
   a - Confusing Touch                Hexes                        1
   b - Confuse                        Hexes                        3
   c - Gell's Gravitas                Translocation                3
   d - Petrify                        Transmutation/Earth          4
   e - Metabolic Englaciation         Hexes/Ice                    5
   f - Yara's Violent Unravelling     Hexes/Transmutation          5
 G - a book of Conjurations

   Spells                             Type                      Level
   a - Magic Dart                     Conjuration                  1
   b - Searing Ray                    Conjuration                  2
   c - Dazzling Spray                 Conjuration/Hexes            3
   d - Fulminant Prism                Conjuration/Hexes            4
   e - Force Lance                    Conjuration/Translocation    4
   f - Iskenderun's Mystic Blast      Conjuration                  4
 Y - a book of Beasts

   Spells                             Type                      Level
   a - Summon Butterflies             Summoning                    1
   b - Call Canine Familiar           Summoning                    3
   c - Summon Ice Beast               Ice/Summoning                4
   d - Summon Mana Viper              Hexes/Summoning              5
   e - Summon Hydra                   Summoning                    7
Comestibles
 c - 6 bread rations
 f - 7 royal jellies
 p - 10 chunks of flesh
 q - 4 fruits
 K - a meat ration


   Skills:
 + Level 10.1(9.7) Fighting
 + Level 8.4(8.0) Dodging
 * Level 12.9(12.5) Unarmed Combat
 + Level 6.5(6.1) Spellcasting
 + Level 12.2(11.8) Transmutations
 + Level 5.8(5.4) Evocations


You had 12 spell levels left.
You knew the following spells:

 Your Spells              Type           Power        Failure   Level  Hunger
a - Beastly Appendage     Tmut           #####.       7%          1    None
b - Spider Form           Tmut/Pois      ####......   26%         3    ##.....
c - Blade Hands           Tmut           #####.....   24%         5    #####..
d - Petrify               Tmut/Erth      ####....     47%         4    ####...


Dungeon Overview and Level Annotations

Branches:
Dungeon (11/15)            Temple (1/1) D:6            Lair (6/6) D:8
 Shoals (0/4) Lair:3       Spider (0/4) Lair:3        Slime (0/5) Lair:5
    Orc (1/2) D:10

Altars:
Ashenzari
Cheibriados
Dithmenos
Elyvilon
Fedhas
Gozag
Hepliaklqana
Kikubaaqudgha
Makhleb
Nemelex Xobeh
Okawaru
Qazlal
Ru
Sif Muna
Uskayaw
Xom
Yredelemnul
Zin
The Shining One
Beogh
Jiyva

Shops:
D:5 [(

Annotations:
D:2 exclusion: oklob plant


Innate Abilities, Weirdness & Mutations

You can breathe blasts of noxious fumes.
Your lurid green scales are hard. (AC +8)
You cannot fit into any form of body armour.
Your system is resistant to poisons. (rPois)
You are cold-blooded and may be slowed by cold attacks.


Message History

You exhale a blast of noxious fumes.
The blast of choking fumes hits the orc sorcerer.
The orc sorcerer is lightly wounded.
You feel somewhat more hungry.
You feel yourself speed up.
The orc sorcerer is engulfed in noxious fumes.
The orc sorcerer appears confused.
The orc sorcerer barely misses you.
The red devil hits you from afar with a trident!
* * * LOW HITPOINT WARNING * * *
As you read the scroll of fear, it crumbles to dust.
You assume a fearsome visage.
The orc warlord looks frightened!
The orc sorcerer looks frightened!
The red devil is unaffected.
The chaos spawn is unaffected.
The orc sorcerer looks frightened!
The orc sorcerer is engulfed in noxious fumes.
The orc sorcerer appears confused.
The red devil closely misses you.
As you read the scroll labeled RILOCL UJ MILA, it crumbles to dust.
A profound silence engulfs you.
It was a scroll of silence.
The chaos spawn closely misses you.
The red devil hits you from afar with a trident!
You die...

###### ### ##....###.#### #
##......#...#.## ####
#..........#...#### #..##
##..#....#......#..## ....#
#...##.......#......#
#...####.###.............##
.....# #####............##
....##### #.....@§o§§####
..####..####.#.4.))..#
...##....##.....o.4..#
.)##.#...#..........##
.<#...#.............#
.....###..........)##
....####......>....)##
#.#####.#............###
.###
#.................#####


You could see an orc warlord (fleeing), a chaos spawn, an orc sorcerer
(confused) and a red devil.

Vanquished Creatures
  Snorg (Lair:5)
  4 hydras
  A two-headed ogre (D:9)
  Erica (D:9)
  An orc high priest (Orc:1)
  Nergalle (Orc:1)
  Urug (Lair:5)
  An unseen horror (D:10)
  An orc knight (D:10)
  A cyclops (Lair:3)
  An ugly thing (D:11)
  Maurice (D:9)
  An elephant (D:8)
  2 black mambas
  A merfolk siren (Lair:3)
  2 guardian serpents (D:9)
  A torpor snail (Lair:4)
  4 spiny frogs
  2 komodo dragons
  2 trolls
  A hornet (D:6)
  Grinder (D:5)
  A polar bear (Lair:4)
  2 hippogriffs
  8 blink frogs
  10 dream sheep
  A wraith (D:10)
  35 yaks
  2 wyverns
  A human (D:7)
  5 basilisks
  Grum (D:9)
  3 hungry ghosts
  4 hogs (D:7)
  A steam dragon (D:9)
  A vampire mosquito (Lair:5)
  3 swamp worms (Lair:5)
  2 two-headed ogre zombies (D:10)
  14 water moccasins
  9 porcupines
  A swamp drake (Lair:5)
  10 orc warriors
  2 black bears
  An ice beast (D:10)
  3 phantoms (D:10)
  7 ogres
  2 necrophages
  3 centaurs
  16 wolves
  18 crocodiles
  2 big kobolds
  Blork the orc (D:6)
  6 bullfrogs
  A water moccasin zombie (D:10)
  2 scorpions (D:10)
  An electric eel (Lair:3)
  4 wights (D:9)
  3 howler monkeys
  6 crimson imps
  2 centaur zombies
  A bullfrog zombie (D:5)
  2 quasits
  5 jellies
  8 orc priests
  2 hounds
  A bullfrog skeleton (D:8)
  A gnoll shaman (D:10)
  Crazy Yiuf (D:3)
  4 iguanas
  15 orc wizards
  A centaur skeleton (D:10)
  9 worker ants
  6 ogre zombies (D:10)
  A hound skeleton (D:8)
  3 howler monkey skeletons
  7 adders
  4 gnolls (D:2)
  5 shadow imps
  2 oozes
  2 adder zombies
  3 adder skeletons
  2 worms (D:3)
  A dart slug (D:2)
  4 leopard geckos
  48 orcs
  5 giant cockroaches
  9 goblins
  9 hobgoblins
  12 jackals
  4 quokkas
  A ball python (D:1)
  A ball python skeleton (D:3)
  5 bats
  A frilled lizard (D:2)
  2 goblin skeletons (D:10)
  3 goblin zombies (D:10)
  A hobgoblin skeleton (D:10)
  5 hobgoblin zombies (D:10)
  16 kobolds
  A leopard gecko zombie (D:6)
  3 orc skeletons (D:10)
  11 orc zombies (D:10)
  12 rats
465 creatures vanquished.

Vanquished Creatures (others)
  A centaur (D:8)
  A bat (D:2)
  9 fungi
  8 plants
19 creatures vanquished.

Grand Total: 484 creatures vanquished

Notes
Turn   | Place    | Note
-------+----------+-------------------------------------------
     0 | D:1      | keltmir the Draconian Transmuter began the quest for the Orb.
     0 | D:1      | Reached XP level 1. HP: 16/16 MP: 3/3
   355 | D:1      | Reached XP level 2. HP: 22/23 MP: 3/5
   916 | D:3      | Reached XP level 3. HP: 24/28 MP: 6/6
   921 | D:3      | Learned a level 3 spell: Spider Form
  1471 | D:2      | Found a glowing golden altar of the Shining One.
  1699 | D:2      | Found a stormy altar of Qazlal.
  1726 | D:2      | Found a blossoming altar of Fedhas.
  1749 | D:2      | Noticed an oklob plant
  2286 | D:2      | Reached XP level 4. HP: 14/35 MP: 3/7
  2953 | D:3      | You fall through a shaft!
  2957 | D:4      | Found a sacrificial altar of Ru.
  3025 | D:4      | Noticed an ogre
  3198 | D:3      | Reached skill level 5 in Transmutations
  3402 | D:4      | Reached XP level 5. HP: 31/40 MP: 4/8
  3747 | D:3      | Found a runed door.
  4215 | D:3      | Found a hazy altar of Hepliaklqana.
  4434 | D:3      | Found a snail-covered altar of Cheibriados.
  4790 | D:3      | Found a basalt altar of Yredelemnul.
  4910 | D:4      | Reached XP level 6. HP: 47/47 MP: 5/9
  5125 | D:3      | Noticed Crazy Yiuf
  5130 | D:3      | Killed Crazy Yiuf
  5295 | D:5      | Entered Level 5 of the Dungeon
  5295 | D:5      | Noticed Grinder
  5296 | D:5      | Paralysed by Grinder for 4 turns
  6336 | D:5      | Paralysed by Grinder for 5 turns
  6344 | D:5      | Killed Grinder
  6344 | D:5      | Your scales start taking on a lurid green colour.
  6344 | D:5      | Reached XP level 7. HP: 51/52 MP: 6/10
  6344 | D:5      | Gained mutation: Your system is resistant to poisons. (rPois) [Green Draconian growth]
  6350 | D:5      | Found Zaqyim's Antique Armour Shoppe.
  6364 | D:5      | Found Joun's Antique Weapon Shop.
  6558 | D:5      | Found a deep blue altar of Sif Muna.
  6976 | D:5      | Learned a level 5 spell: Blade Hands
  8382 | D:5      | Found a glowing silver altar of Zin.
  8382 | D:5      | Found an opulent altar of Gozag.
  8776 | D:5      | Reached XP level 8. HP: 29/61 MP: 2/11
  9296 | D:6      | Found a staircase to the Ecumenical Temple.
  9319 | Temple   | Entered the Ecumenical Temple
  9368 | Temple   | Became a worshipper of Makhleb the Destroyer
  9440 | D:6      | Noticed a hornet
  9453 | D:6      | Killed a hornet
  9630 | D:7      | Reached skill level 5 in Unarmed Combat
  9987 | D:6      | Noticed Blork the orc
  9999 | D:6      | Killed Blork the orc
 10244 | D:7      | Found an ancient bone altar of Kikubaaqudgha.
 10257 | D:7      | Found a sparkling altar of Nemelex Xobeh.
 10507 | D:7      | Reached XP level 9. HP: 71/71 MP: 8/12
 10960 | D:9      | Reached * piety under Makhleb
 10986 | D:9      | Noticed Maurice
 11000 | D:9      | Killed Maurice
 11000 | D:9      | Reached skill level 5 in Fighting
 11070 | D:9      | Noticed a two-headed ogre
 11262 | D:8      | Found a staircase to the Lair.
 11263 | D:8      | Noticed an elephant
 11329 | D:8      | Killed an elephant
 11518 | D:7      | Reached skill level 10 in Transmutations
 11531 | D:7      | Reached skill level 5 in Dodging
 11886 | D:8      | Reached XP level 10. HP: 82/83 MP: 4/13
 13019 | D:9      | Killed a two-headed ogre
 13039 | D:9      | Noticed Grum
 13065 | D:9      | Killed Grum
 13098 | D:9      | Noticed Erica
 13110 | D:9      | Killed Erica
 13110 | D:9      | Reached ** piety under Makhleb
 13419 | D:9      | Reached XP level 11. HP: 86/92 MP: 14/14
 13484 | D:9      | Reached skill level 10 in Unarmed Combat
 13755 | D:10     | Entered Level 10 of the Dungeon
 14099 | D:10     | Reached skill level 1 in Evocations
 14353 | D:10     | Reached *** piety under Makhleb
 14395 | D:10     | Found a staircase to the Orcish Mines.
 14894 | D:10     | Noticed an unseen horror
 14900 | D:10     | Killed an unseen horror
 14902 | D:10     | Reached **** piety under Makhleb
 15197 | D:11     | Noticed a purple ugly thing
 15203 | D:11     | Killed a purple ugly thing
 15411 | Lair:1   | Entered Level 1 of the Lair of Beasts
 16518 | Lair:1   | Reached XP level 12. HP: 96/103 MP: 11/17
 17001 | Lair:2   | Identified a scroll of acquirement
 17229 | Lair:2   | Noticed a five-headed hydra
 17245 | Lair:2   | Killed a five-headed hydra
 18454 | Lair:3   | Found a hole to the Spider Nest.
 18893 | Lair:3   | Found a staircase to the Shoals.
 19290 | Lair:4   | Noticed a four-headed hydra
 19298 | Lair:4   | Killed a four-headed hydra
 19383 | Lair:4   | Reached skill level 5 in Spellcasting
 19453 | Lair:4   | Reached ***** piety under Makhleb
 19502 | Lair:4   | Learned a level 4 spell: Petrify
 19657 | Lair:5   | Reached skill level 5 in Evocations
 19677 | Lair:5   | Noticed Snorg
 19698 | Lair:5   | Killed Snorg
 20015 | Lair:5   | Found a viscous altar of Jiyva.
 20015 | Lair:5   | Found a staircase to the Slime Pits.
 20301 | Lair:6   | Entered Level 6 of the Lair of Beasts
 20306 | Lair:6   | Noticed a four-headed hydra
 20325 | Lair:5   | Killed a four-headed hydra
 20325 | Lair:5   | Reached XP level 13. HP: 45/111 MP: 21/21
 21208 | Lair:5   | Noticed Urug
 21217 | Lair:5   | Killed Urug
 22518 | Orc:1    | Entered Level 1 of the Orcish Mines
 22551 | D:10     | Reached skill level 10 in Fighting
 23132 | Orc:1    | Found a roughly hewn altar of Beogh.
 23177 | Orc:1    | Noticed Nergalle
 23190 | Orc:1    | Killed Nergalle
 23437 | Orc:1    | Noticed an orc warlord
 23456 | Orc:1    | HP: 2/113 [red devil/trident[an orc warlord] (13)]
 23458 | Orc:1    | Mangled by a red devil

Skill      XL: |  1  2  3  4  5  6  7  8  9 10 11 12 13 |
---------------+----------------------------------------+-----
Transmutations | 3 4 5 6 7 8 9 10 11 12 | 12.2
Dodging        | 2 3 5 6 7 8 |  8.4
Fighting       | 2 4 6 7 8 9 10 | 10.1
Unarmed Combat | 5 8 9 11 12 | 12.9
Evocations     | 3 5 |  5.8
Spellcasting   | 3 5 6 |  6.5

Action                   |  1- 3 |  4- 6 |  7- 9 | 10-12 | 13-15 || total
-------------------------+-------+-------+-------+-------+-------++-------
Melee: Unarmed           |   147 |   189 |   380 |   629 |   157 ||  1502
       Tailslap          |    10 |     9 |    28 |    76 |    22 ||   145
       Kick              |     5 |       |     5 |     5 |       ||    15
       Punch             |       |     1 |     4 |    28 |     7 ||    40
       Headbutt          |       |       |     4 |     3 |     1 ||     8
 Cast: Beastly Appendage |     4 |       |     6 |     6 |     3 ||    19
       Spider Form       |     3 |    22 |    22 |     3 |       ||    50
       Blade Hands       |       |       |    18 |    70 |    19 ||   107
 Abil: Breathe Noxious F |       |       |    23 |    29 |     8 ||    60
       End Transformatio |       |       |     1 |       |       ||     1
  Use: Scroll            |     2 |     4 |     7 |    11 |     6 ||    30
       Potion            |       |     2 |       |     2 |     2 ||     6
 Stab: Sleeping          |     1 |       |     1 |     1 |       ||     3
       Distracted        |       |     1 |       |     1 |       ||     2
       Confused          |       |       |    10 |    14 |     2 ||    26
  Eat: Chunk             |     5 |     9 |    17 |    44 |    11 ||    86
       Bread ration      |       |     1 |     1 |     3 |     1 ||     6
       Meat ration       |       |     1 |     1 |       |       ||     2
       Fruit             |       |     1 |     1 |       |     2 ||     4
       Royal jelly       |       |       |     1 |     1 |       ||     2
Armor: Skin              |    31 |    39 |    48 |    96 |    24 ||   238
Dodge: Dodged            |    77 |   127 |   231 |   423 |   153 ||  1011
